 Seeded DCSS version 0.31-a0-544-gceb718ecc6 (webtiles) character file.

Game seed: 3826825538972431165 (custom seed)

13 innerfire43 the Trooper (level 2, 23/24 HPs)
             Began as a Demonspawn Monk on Aug 15, 2023.
             Got out of the dungeon alive.
             The game lasted 00:00:34 (193 turns).

innerfire43 the Trooper (Demonspawn Monk)            Turns: 193, Time: 00:00:34

Health: 23/24      AC:  2    Str: 11    XL:     2   Next: 24%
Magic:  2/2        EV: 13    Int: 11    God:
Gold:   44         SH:  4    Dex: 15    Spells: 1/1 levels left

rFire   . . .        a - +0 spear
rCold   . . .        d - orb {light}
rNeg    . . .        b - +0 robe
rPois   .            (no helmet)
rElec   .            (no cloak)
rCorr   .            (no gloves)
SInv    .            (no boots)
Will    .....        (no amulet)
Stlth   +            (no ring)
HPRegen 0.24/turn    (no ring)
MPRegen 0.08/turn

%: no passive effects
@: glowing
A: condensation shield
a: no special abilities


You escaped.
You visited 1 branch of the dungeon, and saw 1 of its levels.

You collected 44 gold pieces.

Inventory:

Hand Weapons
 a - a +0 spear (weapon)
Armour
 b - a +0 robe (worn)
 d - an orb of light (worn)
Scrolls
 e - a scroll of acquirement
 f - 2 scrolls of vulnerability {unknown}
Potions
 c - a potion of ambrosia


   Skills:
 + Level 3.2 Fighting
 + Level 2.9 Polearms
 + Level 2.9 Dodging


You had one spell level left.
You didn't know any spells.
Your spell library was empty.

Dungeon Overview and Level Annotations

Branches:
Dungeon (1/15)

Altars:


Innate Abilities, Weirdness & Mutations

A meltable shield of frost defends you. (SH +4)


Message History

You have reached level 2!
Your demonic ancestry asserts itself...
Frost condenses into a shield before you.
A rat comes into view.
Found 8 gold pieces.
The endoplasm closely misses you.
You see here a +0 club.
You hit the endoplasm.
You kill the endoplasm!
The dart slug launches a dart at you. The slug dart misses you.
You hit the dart slug.
The dart slug is heavily wounded.
You hit the dart slug.
The dart slug is severely wounded.
The dart slug closely misses you.
Unknown command.
You hit the dart slug.
You kill the dart slug!
You hit the rat but do no damage. You hit the rat.
You kill the rat!
Unknown command.
Things that are here:
a +0 club; a dart slug corpse
There is an open door here.
You see here a rat corpse.
You see here a +0 leather armour.
You see here a +0 leather armour.
You see here a rat corpse.
You completely miss the plant. You hit the plant.
The plant begins to die.
The plant is lightly damaged.
You hit the plant.
The plant begins to die.
The plant is lightly damaged.
You hit the plant.
The plant is lightly damaged.
A nearby plant withers and dies.
A nearby plant withers and dies.
There is a staircase leading out of the dungeon here.
You have escaped! #.P..PPPP.PPP.PPP.PPPPP.P#.# ####[P..PPP.PPP.P.PPP.PPP.PP..# .....PPP.PP.PP.PPP.PP.PP.PPP..# .....PPPP.....PPPPP.....PPPP#.# .....PPP.PP.PP.PPP.PP.PP.PPP..# .....PP.PPP.PPP.P.PPP.PPP.PP#.# ..##.P.PPPPP.PPP.PPP.PPPPP.P#.# ..##.P.PPPPPP.PP.PP.PPPPPP.P# # ..##.P.PPPPPPP..@..PPPPPPP.P# ..##.P.PPPPPPPPP.PPPPPPPPP.P# ..##.P.PPPPPPPPP.PPPPPPPPP.P# ..##.PP.PPPPPPP.P.PPPPPPP.PP# ..##.PP..PPPPP.PPP.PP.PP.PPP##. ####.PP.†.....PPPPP.....PPPP...# .....PPPP...PPPPPPPPP.PPPPPP#..# ####..................†....#...# #########...#####.........###

There were no monsters in sight!

Vanquished Creatures
  A dart slug (D:1)
  2 bats (D:1)
  2 endoplasms (D:1)
  2 goblins (D:1)
  A ball python (D:1)
  A frilled lizard (D:1)
  2 rats (D:1)
11 creatures vanquished.

Notes
Turn   | Place    | Note
-------+----------+-------------------------------------------
     0 | D:1      | innerfire43 the Demonspawn Monk began the quest for the
                  | Orb.
     0 | D:1      | Reached XP level 1. HP: 18/18 MP: 1/1
   139 | D:1      | Identified a scroll of acquirement
   145 | D:1      | Gained mutation: A meltable shield of frost defends you.
                  | (SH +4) [demonic ancestry]
   145 | D:1      | Reached XP level 2. HP: 12/24 MP: 2/2
   193 | D:$      | Got out of the dungeon alive.

Illustrated notes

Levels and vault maps discovered:
D:1:      roderic_crop_circles_arrival_large, layout_basic

Action                     || total
---------------------------++-------
  Melee: Spear             ||    32
  Dodge: Dodged            ||    13

Table legend: (Time is in decaauts)
 A = Elapsed time spent in this place.
 B = Non-inter-level travel time spent in this place.
 C = Inter-level travel time spent in this place.
 D = Time resting spent in this place.
 E = Time spent auto-exploring this place.
 F = Levels seen in this place.
 G = Mean time per level.
                   A        B        C        D        E       F      G
               +--------+--------+--------+--------+--------+-----+--------+
         Total |    191 |    180 |     11 |      0 |     90 |   1 |  191.0 |
       Dungeon |    191 |    180 |     11 |      0 |     90 |   1 |  191.0 |
               +--------+--------+--------+--------+--------+-----+--------+

Top non-repeatable levels by time:
     D:1: 191 daAuts
